Unix NetHack Version 3.7.0-66 Work-in-progress - last build Dec 26 2022 16:50:54 (55254d10815e23f0e7c0ebc937178fe17f3ffff8,branch:master). Game began 2022-12-02 08:37:31, ended 2023-09-09 03:24:21. Merlek, neutral male human Caveman --------------------- .%.%A.A.A a%J)D........... q ...A.A----A----@&@.%D.a..@... .....%B.--. .%D..--AA..a.%...... @A....A...-- ..A%AVDD--....%%...... a&A .A. ..Q.A....|........... ----- ...- A.%..%).. -------...- |... A -@- ...@a.T- ---%---- --.%--------- A A E @| .%.. -----.----- ..a%...-- --...|...@...| @ |@ @@|.. ---. . A. ---....@A...--- @...A%@ ---....|..[A...| |...@@a.AA.@.../. @..@. |@..A..%....A.| a A...D%$%/-%%...-...%...| | aa|... ---@..A... |. ----%---- .| a %..%%a---.@..|..@....| a | --...... |@ |...q.A.| | @ ...@-- --..A|.......| @ AB ----- & |...@...| ---- --).--------- A T |...@...| |... @ N|...@...| ----- a |.......| D--------- Merlek the Roamer St:25 Dx:17 Co:18 In:18 Wi:21 Ch:14 Neutral Astral Plane $:236 HP:222(222) Pw:48(59) AC:-36 Xp:19/2596324 T:34664 Blind Latest messages: For some reason you are not affected. The magic missile hits the Angel of Anu. The magic missile misses Janne the Reaver. The magic missile hits the priestess of Anshar! The magic missile hits the priestess of Anshar! "Thinkest thou it shall tickle as I rip out thy lungs?" The magic missile hits the killer bee. The magic missile misses the renegade Angel of Ishtar. The magic missile hits the priest of Anu! The priest of Anu hits! The priest of Anu kicks! The priest of Anu casts a spell at you! You feel as if you need some help. You feel a malignant aura surround you. What do you want to zap? [bgrE-GLNO or ?*] In what direction? The priest of Anu vanishes and reappears farther away. A nearby voice intones: "Pilgrim, you enter a sacred place!" Pestilence moves the renegade Angel of Ishtar out of the way! It misses. The killer bee misses! You hit the invisible stalker. The killer bee misses! The magic missile hits Janne the Reaver. The magic missile hits you! For some reason you are not affected. Pestilence moves the renegade Angel of Ishtar out of the way! "Hast thou been drinking, or art thou always so clumsy?" The magic missile hits you! For some reason you are not affected. A titanothere suddenly appears! The priestess of Anshar casts a spell! The priestess of Anshar summons insects! The magic missile hits Janne the Reaver. The magic missile hits the giant beetle! The magic missile hits the Angel of Anu. The magic missile hits the priest of Ishtar! The priest of Ishtar casts a spell! You try to feel what is lying here on the altar. There is a high altar to Ishtar (neutral) here. You feel no objects here. # What do you want to sacrifice? [AB or ?*] You offer the Amulet of Yendor to Ishtar... An invisible choir sings, and you are bathed in radiance... The voice of Ishtar rings out: "Mortal, thou hast done well!" "In return for thy service, I grant thee the gift of Immortality!" You ascend to the status of Demigod... Do you want your possessions identified? [ynq] (n) Inventory: Coins $ - 236 gold pieces Amulets H - an uncursed amulet of life saving W - an uncursed amulet of life saving (being worn) B - an uncursed cheap plastic imitation of the Amulet of Yendor Weapons a - the blessed +6 Grayswandir (weapon in hand) Armor K - a blessed rustproof +5 helm of brilliance (being worn) D - an uncursed rusty very corroded +5 pair of gauntlets of power (being worn) Z - an uncursed thoroughly burnt very rotted +4 pair of speed boots named +4 (being worn) V - a blessed corroded +4 dwarvish roundshield (being worn) u - a blessed thoroughly burnt +4 cloak of magic resistance (being worn) m - an uncursed greased +4 silver dragon scale mail (being worn) Comestibles z - an uncursed C-ration y - an uncursed K-ration w - an uncursed pear P - 2 blessed homemade tins of nurse meat Scrolls M - an uncursed scroll of create monster Rings j - an uncursed ring of conflict (on left hand) n - a blessed greased ring of free action (on right hand) Wands N - an uncursed wand of death (0:2) G - an uncursed wand of death (0:1) F - an uncursed wand of digging (0:7) r - an uncursed wand of digging (0:1) O - an uncursed wand of sleep (0:2) E - an uncursed wand of sleep (0:4) b - an uncursed wand of striking (0:3) L - an uncursed wand of teleportation (0:2) g - an uncursed wand of teleportation (0:1) Tools I - a blessed bag of holding containing 68 items i - an empty uncursed oilskin sack Q - an uncursed bugle d - the uncursed Bell of Opening (0:2) X - a cursed blindfold named ALL RESISTANCES U - the uncursed Candelabrum of Invocation (5 of 7 candles attached) S - an uncursed magic marker (1:16) x - an uncursed +0 pick-axe named protection 9 k - an uncursed skeleton key named geno Lh; h - a blessed +0 unicorn horn Gems/Stones C - a blessed luckstone Contents of the bag of holding: an uncursed amulet of magical breathing an uncursed amulet of unchanging 4 uncursed +2 elven daggers the uncursed rustproof +4 Magicbane the blessed +0 Sceptre of Might an uncursed -1 helm of opposite alignment an uncursed -1 pair of water walking boots 2 uncursed C-rations an uncursed food ration 2 uncursed lembas wafers 9 uncursed lumps of royal jelly an uncursed sprig of wolfsbane 2 uncursed lizard corpses 9 blessed scrolls of blank paper 4 uncursed scrolls of blank paper 2 blessed scrolls of charging an uncursed scroll of earth a blessed scroll of enchant armor 3 blessed scrolls of enchant weapon a blessed scroll of fire 3 uncursed scrolls of fire a blessed scroll of gold detection 2 uncursed scrolls of gold detection 2 blessed scrolls of identify 5 uncursed scrolls of identify a blessed scroll of taming 2 uncursed scrolls of taming 4 blessed potions of extra healing 2 blessed potions of full healing 2 blessed potions of gain energy a blessed potion of levitation an uncursed potion of levitation a blessed potion of object detection 2 uncursed potions of paralysis a blessed potion of restore ability an uncursed potion of restore ability 2 blessed potions of speed 3 potions of holy water an uncursed potion of water a potion of unholy water an uncursed ring of free action a blessed greased ring of levitation an uncursed ring of polymorph control an uncursed ring of protection from shape changers an uncursed ring of shock resistance an uncursed ring of slow digestion an uncursed ring of teleport control an uncursed wand of cold (0:3) an uncursed wand of cold (0:5) an uncursed wand of death (0:0) an uncursed wand of digging (0:8) an uncursed wand of digging (0:8) an uncursed wand of enlightenment (0:8) an uncursed wand of magic missile (0:8) an uncursed wand of polymorph (0:3) an uncursed wand of polymorph (0:4) an uncursed wand of probing (0:7) an uncursed wand of secret door detection (0:7) an uncursed wand of speed monster (0:5) an uncursed wand of striking (0:4) an uncursed wand of teleportation (0:2) an uncursed wand of teleportation (0:2) an uncursed wand of wishing (1:1) an uncursed magic flute (0:3) an uncursed tallow candle an uncursed crystal ball (0:2) an uncursed magic marker (0:3) a blessed oil lamp Merlek the Caveman's attributes: Background: You were a Roamer, a level 19 human Caveman. You were neutral, on a mission for Ishtar who was opposed by Anu (lawful) and Anshar (chaotic). You were in the endgame, on the Astral Plane. You entered the dungeon 34664 turns ago. It was nighttime. You had 2596324 experience points, 2523676 more were needed for level 20. Basics: You had all 222 hit points. You had 48 out of 59 energy points (spell power). Your armor class was -36. Your wallet contained 236 zorkmids. Autopickup was on for '$=?"/!%' plus thrown, with exceptions. FinalCharacteristics: Your strength was 25 (base:18/07, innate limit:18/100). Your dexterity was 17 (peak:18, limit:18). Your constitution was 18 (limit:18). Your intelligence was 18 (base:13, limit:18). Your wisdom was 21 (base:16, peak:17, innate limit:18). Your charisma was 14 (limit:18). Final Status: You were temporarily blind. You were not hungry. You were unencumbered. You were wielding a saber. You had no skill with saber. Final Attributes: You were piously aligned. You were magic-protected. You were fire resistant. You were cold resistant. You were sleep resistant. You were disintegration resistant. You were shock resistant. You were poison resistant. You resisted hallucinations. You were telepathic. You were warned. You caused conflict. You had a moderate defense bonus (+9). You were warded. You were very fast. You had reflection. You had free action. Your life would have been saved. You were lucky. You had extra luck. Good luck did not time out for you. You survived. Miscellaneous: You encountered 4 bones levels. Total elapsed playing time was 11 hours, 58 minutes and 32 seconds. Major events: Turn 1: Merlek the neutral human Caveman entered the dungeon 767: entered the Gnomish Mines 1061: attained the rank of Aborigine (level 3) 2718: attained the rank of Wanderer (level 6) 5424: destroyed lurchy's ghost, the former Thaumaturge 5923: reached Mine Town 6669: made his first wish - "blessed fixed greased +2 silver dragon scale mail", got "a greased silver dragon scale mail" 8239: was bestowed with Magicbane by Ishtar 8994: acquired the Mines' End luckstone 10728: attained the rank of Vagrant (level 10) 10745: entered Sokoban 11060: destroyed Stef75's ghost, the former Woman-at-arms 12563: entered the Bigroom 14141: destroyed lurchy's ghost, the former Magician 15289: performed his first genocide (class ;) 15294: genocided class L 15295: genocided class h 16961: made his first artifact wish - "blessed greased fixed +2 Grayswandir", got "a greased silver saber named Grayswandir" 17077: wished for "blessed greased ring of levitation", got "a greased ivory ring" 17094: killed Medusa 17881: attained the rank of Wayfarer (level 14) 19182: found the Sceptre of Might on the floor 19243: killed the Chromatic Dragon 19244: acquired the Bell of Opening 20651: genocided disenchanters 20657: entered Gehennom 24449: bribed Asmodeus with 395 zorkmids for safe passage 24815: bribed Baalzebub with 246 zorkmids for safe passage 25496: destroyed Vlad the Impaler 25497: acquired the Candelabrum of Invocation 28222: wished for "blessed greased ring of free action", got "a greased gold ring" 28232: killed the invisible Orcus 29055: killed Juiblex 29517: attained the rank of Roamer (level 18) 30899: killed the Wizard of Yendor 30900: acquired the Book of the Dead 31068: performed the invocation 31078: killed the Wizard of Yendor (2nd time) 31164: killed the Wizard of Yendor (3rd time) 31332: killed the high priestess of Moloch 31426: killed the invisible Yeenoghu 31427: acquired The Amulet of Yendor 32989: genocided class e 32990: wished for "blessed greased ring of free action", got "a greased ring of free action" 34258: entered the Elemental Planes 34258: entered Plane of Earth 34258: killed the Wizard of Yendor (5th time) 34349: entered Plane of Air 34381: wished for "blessed greased ring of levitation", got "a greased ring of levitation" 34436: entered Plane of Fire 34455: entered Plane of Water 34516: entered the Astral Plane 34531: killed Death 34547: killed Death (2nd time) 34564: killed Pestilence 34602: killed Pestilence (2nd time) 34622: found Sunsword carried by a monster 34645: killed Famine 34646: found Giantslayer on the floor 34664: ascended Vanquished creatures: Orcus Yeenoghu Juiblex the Wizard of Yendor (5 times) Death (twice) Pestilence (twice) Famine Vlad the Impaler a high cleric 2 mastodons Medusa 3 iron golems a ki-rin 3 storm giants 2 titans 2 glass golems 2 balrogs the Chromatic Dragon 5 purple worms 2 gold dragons 3 silver dragons 4 red dragons a white dragon 2 orange dragons 2 black dragons 3 blue dragons a green dragon 2 yellow dragons 5 minotaurs 4 jabberwocks 3 baluchitheria 7 Angels a stone golem a master mind flayer 12 Olog-hai 6 pit fiends 2 sandestins a hell hound 3 displacer beasts 6 titanotheres 4 trappers a baby gold dragon 3 baby yellow dragons 2 guardian nagas a genetic engineer a disenchanter 28 vampire leaders 4 skeletons 14 aligned clerics 2 captains 6 shades 5 clay golems 6 nurses 2 nalfeshnees 5 lurkers above an Aleax a frost giant 3 ettins 2 golden nagas 3 black puddings 27 vampires 4 lieutenants 41 ghosts a knight a monk a queen bee 3 winged gargoyles a mind flayer 5 giant mimics 8 long worms 4 zruties a fire giant 7 ogre tyrants 6 ice trolls 9 rock trolls 5 umber hulks 3 flesh golems 9 elven monarchs 4 doppelgangers 3 hezrous 18 bone devils 7 large mimics 2 wumpuses 3 fire vortices 4 couatls 6 stalkers 2 air elementals 7 earth elementals 6 water elementals 30 hill giants 3 giant mummies 7 black nagas 7 xorns 14 giant zombies 6 elf-nobles 6 sergeants a water demon 8 barbed devils 7 vrocks 15 wargs a winter wolf 6 hell hound pups 15 small mimics 3 glass piercers 3 warhorses 5 steam vortices 9 xans 3 ettin mummies 7 ogre leaders 10 quantum mechanics 15 trolls a sasquatch 3 wood golems 3 erinyes 5 mariliths a djinni an electric eel 6 gelatinous cubes a pyrolisk 4 large dogs 2 freezing spheres 5 flaming spheres 5 shocking spheres 2 large cats 8 tigers 4 gargoyles a dwarf ruler 4 tengu 7 ochre jellies 9 leocrottas 7 energy vortices 3 mountain centaurs 6 stone giants 3 elf mummies 3 human mummies 3 red nagas 2 green slimes 5 pythons 13 pit vipers 10 cobras 40 wraiths 4 carnivorous apes 18 ettin zombies 2 leather golems 10 Grey-elves 29 soldiers 3 amorous demons 4 horned devils 9 chameleons 3 crocodiles 26 giant beetles 4 quivering blobs 18 cockatrices 4 wolves 4 winter wolf cubs 3 lynxes a panther 37 gremlins 2 spotted jellies 34 leprechauns 2 orc-captains 2 iron piercers 2 mumakil 7 giant spiders 4 scorpions 3 horses 2 ice vortices 5 black lights 5 vampire bats 3 forest centaurs 9 gnome rulers an orc mummy 4 dwarf mummies 5 ogres a brown pudding 5 rust monsters 9 owlbears 7 yetis 2 werewolves 9 Green-elves a piranha 5 giant eels 12 lizards 9 chickatrices 2 dingoes a housecat 3 dwarf leaders 2 blue jellies 4 white unicorns a black unicorn 5 dust vortices 6 ravens 2 plains centaurs 4 gnome mummies 11 snakes 3 apes 23 human zombies 3 rope golems 4 Woodland-elves 35 soldier ants 17 fire ants 25 bugbears 2 lemures 5 quasits 2 wood nymphs 4 water nymphs 4 mountain nymphs 7 Mordor orcs 4 Uruk-hai 3 orc shamans 3 rock piercers 5 rock moles 7 ponies 4 fog clouds 10 yellow lights 4 shriekers a violet fungus 22 gnome leaders 8 gnomish wizards 4 kobold mummies a red naga hatchling 3 black naga hatchlings 4 gray oozes 2 barrow wights 20 elf zombies 7 ghouls 2 straw golems a paper golem 45 giant ants a little dog 7 floating eyes a kitten 18 dwarves a homunculus a kobold leader 3 kobold shamans 13 hill orcs 8 rothes 4 rabid rats 2 centipedes 3 giant bats 4 monkeys 15 orc zombies 13 dwarf zombies 3 wererats 8 iguanas 57 killer bees 5 acid blobs 3 gas spores 8 hobbits a large kobold 20 hobgoblins 12 giant rats 6 cave spiders 3 brown molds 4 yellow molds 2 green molds a red mold 70 gnomes 10 garter snakes 9 gnome zombies 7 geckos 3 jackals 3 foxes 6 kobolds 5 goblins 3 sewer rats 4 grid bugs 4 bats 4 lichens 12 kobold zombies 10 newts 1789 creatures vanquished. Genocided or extinct species: gas spores floating eyes freezing spheres flaming spheres shocking spheres hobbits dwarves bugbears dwarf leaders dwarf rulers mind flayers master mind flayers liches demiliches master liches arch-liches disenchanters erinyes (extinct) jellyfish piranha sharks giant eels electric eels krakens 23 species genocided. 1 species extinct. Voluntary challenges: You read items or engraved 131 times. You never engraved Elbereth. You genocided 23 types of monsters. You never changed form. You used 6 wishes (1 for an artifact). You did not violate any of the special Sokoban rules. Achievements: You entered the Gnomish Mines. You attained the rank of Aborigine. You attained the rank of Wanderer. You entered Minetown. You entered a temple. You entered a shop. You completed the Gnomish Mines. You attained the rank of Vagrant. You entered Sokoban. You entered the Big Room. You defeated Medusa. You attained the rank of Wayfarer. You had the Bell of Opening. You entered Gehennom. You had the Candelabrum of Invocation. You attained the rank of Roamer. You handled the Book of the Dead. You gained access to Moloch's Sanctum. You reached the Elemental Planes. You reached the Astral Plane. You delivered the Amulet of Yendor. You ascended! The Elemental Planes: Astral Plane: <- You are here. Many temples. Plane of Water: Plane of Fire: Plane of Air: Plane of Earth: The Dungeons of Doom: levels 1 to 26 Level 1: Some fountains, a sink. One way stairs up to The Elemental Planes. Level 2: Level 3: Stairs down to The Gnomish Mines. Level 4: Many fountains. Level 5: A fountain. Level 6: A throne. Level 7: Final resting place for lurchy-Wiz-Elf-Mal-Cha, killed by a giant ant. Level 8: An altar to Ishtar. Level 9: Many fountains. Oracle of Delphi. Level 10: Some fountains. Stairs up to Sokoban, level 9. Level 11: A fountain, some graves. Final resting place for Stef75-Val-Hum-Fem-Neu, killed by an Elvenking. Level 12: A very big room. Level 13: Many altars, a fountain, a sink. Level 14: An armor shop, an altar to Ishtar, some fountains. Level 15: "stash on temple floor.." A temple, a fountain. Portal to The Quest. Level 16: A grave. Final resting place for lurchy-Wiz-Elf-Mal-Cha, killed by a piranha. Level 17: A fountain. Level 18: A primitive area. Level 19: Some fountains. Level 20: A fountain, a sink. Level 21: A fountain. Level 22: Some fountains, many trees. Level 23: Level 24: Level 25: Level 26: A fountain. The castle. Connection to Gehennom. Gehennom: levels 27 to 48 Level 27: "6.9k$" A temple, many graves. Valley of the Dead. Level 28: Level 29: Final resting place for otc-Bar-Hum-Fem-Cha, killed by a death ray. Level 30: Level 31: A fountain. Level 32: Level 33: Level 34: Level 35: Level 36: Level 37: Stairs up to Vlad's Tower, level 36. Level 38: "ORCUS" Some shops, an altar. Level 39: Level 40: Level 41: Level 42: Level 43: Level 44: Level 45: "REAL TOWER" Level 46: Level 47: Level 48: A temple, many graves. Moloch's Sanctum. The Gnomish Mines: levels 4 to 11 Level 4: Level 5: "FLAYER!!AND SOMETHING WITH a /oF.." Level 6: "potions" Some shops, a temple to Ishtar, some fountains. Level 7: Level 8: Level 9: Level 10: Level 11: The Quest: levels 1 to 5 Level 1: A temple to Ishtar. Completed quest for Shaman Karnov. Level 2: Level 3: Level 4: Level 5: Sokoban: Level 9: "STASH" Unsolved. Vlad's Tower: levels 36 up to 34 Level 34: Level 35: Level 36: Goodbye Merlek the Demigod... You went to your reward with 2018984 points, Grayswandir (worth 8000 zorkmids and 20000 points) The Bell of Opening (worth 5000 zorkmids and 12500 points) Magicbane (worth 3500 zorkmids and 8750 points) The Sceptre of Might (worth 2500 zorkmids and 6250 points) The Candelabrum of Invocation (worth 5000 zorkmids and 12500 points) and 236 pieces of gold, after 34664 moves. You were level 19 with a maximum of 222 hit points when you ascended.